[Event "Titled Tuesday Blitz October 18 Late 2022"]
[White "De La Colina, Nicolas"]
[Black "Gabrielian, Artur"]
[WhiteFideId "30946921"]
[BlackFideId "4131002"]
[WhiteElo "2046"]
[BlackElo "2432"]
[Result "0-1"]
[Round "08"]
[TimeControl "180+1"]
[Date "2022.10.18"]
[WhiteClock "0:00:01"]
[BlackClock "0:00:10"]

1. e4 c5 2. c3 Nf6 3. e5 Nd5 4. Nf3 d6 5. d4 cxd4 6. Bc4 Nb6 7. Bb3 Nc6 8. exd6 Qxd6 9. O-O dxc3 10. Nxc3 Qxd1 11. Rxd1 Bf5 12. Be3 Rc8 13. Nb5 e6 14. Nxa7 Nxa7 15. Bxb6 Nc6 16. Rac1 Be7 17. Nd4 O-O 18. Nxf5 exf5 19. a3 Bf6 20. Rc2 Rfe8 21. h3 g6 22. Rcd2 Kg7 23. Rd7 Ne5 24. Rc7 Rxc7 25. Bxc7 Rc8 26. Bb6 Nc4 27. Bxc4 Rxc4 28. b3 Rc3 29. Rb1 f4 30. a4 g5 31. f3 h5 32. Bf2 Rc2 33. b4 Ra2 34. a5 Be5 35. Bc5 f5 36. Re1 Kf6 37. Rb1 g4 38. hxg4 hxg4 39. fxg4 fxg4 40. Bb6 Kf5 41. Kf1 g3 42. Kg1 Kg4 43. Rd1 f3 44. gxf3+ Kxf3 45. Rf1+ Kg4 46. Re1 Bf4 47. Rf1 Rb2 48. Bc5 Bg5 49. Rd1 Bf4 50. Rf1 Bd2 51. Rd1 Bc3 52. Rc1 Be5 53. Re1 Bf4 54. Rd1 Bg5 55. Rf1 Kh3 56. Rd1 Rg2+ 57. Kh1 Rb2 58. Kg1 Bf4 59. Ra1 g2 60. Bd4 Bh2# 0-1


[Site "https://www.chess.com"]

[Event "Titled Tuesday Blitz October 18 Late 2022"]
[White "Decuigniere, Tom"]
[Black "Gonzalez, Francisco Silva"]
[WhiteFideId "26093820"]
[BlackFideId "1512285"]
[WhiteElo "2223"]
[BlackElo "2159"]
[Result "1-0"]
[Round "08"]
[TimeControl "180+1"]
[Date "2022.10.19"]
[WhiteClock "0:00:40"]
[BlackClock "0:01:19"]

1. c4 e6 2. g3 d5 3. Bg2 a6 4. Nf3 dxc4 5. a4 Nc6 6. Na3 Bb4 7. Nxc4 Nf6 8. O-O O-O 9. d4 Re8 10. Bf4 Bd6 11. Nfe5 Ne7 12. e4 Bb4 13. Rc1 c6 14. Bg5 Ng6 15. Nxg6 fxg6 16. e5 h6 17. exf6 hxg5 18. f7+ Kxf7 19. Ne5+ Kg8 20. Qd3 Qf6 21. f4 Rd8 22. Qe4 Qf5 23. fxg5 Qxe4 24. Bxe4 Rxd4 25. Bxg6 Rd8 26. Bf7+ Kh7 27. Rf4 Bc5+ 28. Rxc5 g6 29. Bxg6+ Kg8 30. Rc2 Rd5 31. Re2 Bd7 32. h4 Be8 33. Bxe8 Rxe8 34. Ng4 Kg7 35. Kg2 e5 36. Rfe4 Kg6 37. Nf6 Rdd8 38. Nxe8 Rxe8 39. Rxe5 Rd8 40. Re6+ Kf5 41. Rf6+ Kg4 42. Re4+ 1-0


[Site "https://www.chess.com"]

[Event "Titled Tuesday Blitz October 18 Late 2022"]
[White "Dilanyan, Grigor"]
[Black "Turutin, Alexander"]
[WhiteFideId "13303570"]
[BlackFideId "4180623"]
[WhiteElo "2619"]
[BlackElo "2496"]
[Result "1-0"]
[Round "08"]
[TimeControl "180+1"]
[Date "2022.10.19"]
[WhiteClock "0:00:38"]
[BlackClock "0:00:16"]

1. e4 c6 2. d4 d5 3. exd5 cxd5 4. Bd3 Nc6 5. c3 Nf6 6. h3 Qc7 7. Nf3 g6 8. O-O Bf5 9. Be2 Bg7 10. Re1 O-O 11. Na3 Rfe8 12. Nb5 Qb6 13. a4 a6 14. Na3 Ne4 15. Nc2 Rad8 16. Rf1 e5 17. dxe5 Nxe5 18. a5 Nxf3+ 19. Bxf3 Qb5 20. Nd4 Qd7 21. Be3 Be5 22. Nxf5 Qxf5 23. Bd4 Bd6 24. Qc1 Ng5 25. Bg4 Qf4 26. Qxf4 Bxf4 27. g3 Be5 28. Bb6 Rd6 29. f4 Bxc3 30. bxc3 Ne4 31. Rfe1 f5 32. Bf3 Rc8 33. Bxe4 dxe4 34. Bd4 1-0


[Site "https://www.chess.com"]

[Event "Titled Tuesday Blitz October 18 Late 2022"]
[White "Djokic, Mihailo"]
[Black "Remolar Gallen, Jose"]
[WhiteFideId "976440"]
[BlackFideId "2215187"]
[WhiteElo "2603"]
[BlackElo "2480"]
[Result "0-1"]
[Round "08"]
[TimeControl "180+1"]
[Date "2022.10.19"]
[WhiteClock "0:00:01"]
[BlackClock "0:00:16"]

1. e4 c5 2. Nf3 d6 3. d4 cxd4 4. Nxd4 Nf6 5. Nc3 a6 6. Rg1 e5 7. Nb3 h5 8. h3 h4 9. Bg5 Be7 10. Qd2 Be6 11. O-O-O Nbd7 12. Kb1 Qc7 13. f4 b5 14. f5 Bc4 15. Bd3 b4 16. Ne2 a5 17. Qe1 a4 18. Nbc1 Rb8 19. b3 axb3 20. Nxb3 O-O 21. Qxh4 Rfc8 22. Rc1 Ra8 23. Kb2 Qa7 24. Ra1 Qa3+ 25. Kb1 Nb6 26. Bc1 Qa6 27. Qg3 d5 28. Bh6 Nh5 29. Qf3 gxh6 30. Qxh5 Bxd3 31. Qg4+ Kf8 32. Rc1 Bxe2 33. Qg3 Na4 34. c4 dxc4 0-1


[Site "https://www.chess.com"]

[Event "Titled Tuesday Blitz October 18 Late 2022"]
[White "Domingo Nunez, Ruben"]
[Black "Melikhov, Evgeny V."]
[WhiteFideId "22245570"]
[BlackFideId "4122046"]
[WhiteElo "2406"]
[BlackElo "2169"]
[Result "0-1"]
[Round "08"]
[TimeControl "180+1"]
[Date "2022.10.19"]
[WhiteClock "0:00:01"]
[BlackClock "0:00:08"]

1. Nf3 f5 2. e3 Nf6 3. d4 g6 4. b3 Bg7 5. Bb2 O-O 6. Be2 d6 7. O-O c6 8. c4 Nbd7 9. Re1 h6 10. d5 a5 11. dxc6 bxc6 12. Nd4 Ne5 13. f4 Neg4 14. Bf3 Qb6 15. h3 e5 16. hxg4 exd4 17. Bxd4 Qc7 18. gxf5 Bxf5 19. Nc3 Rae8 20. e4 Bc8 21. e5 dxe5 22. fxe5 Nd7 23. e6 Nf6 24. Bc5 Bxe6 25. Bxf8 Bxf8 26. Qd4 Bg7 27. Qd2 Rd8 28. Qe3 Bf5 29. Rad1 Re8 30. Qc5 Rxe1+ 31. Rxe1 Qg3 32. Qf2 Qf4 33. Bxc6 Qg5 34. Bf3 Kh7 35. Nd5 Ng4 0-1


[Site "https://www.chess.com"]

[Event "Titled Tuesday Blitz October 18 Late 2022"]
[White "Dzierzak, Radoslaw"]
[Black "Forgacs, Attila Jr."]
[WhiteFideId "1161407"]
[BlackFideId "773654"]
[WhiteElo "2111"]
[BlackElo "2168"]
[Result "0-1"]
[Round "08"]
[TimeControl "180+1"]
[Date "2022.10.19"]
[WhiteClock "0:00:02"]
[BlackClock "0:01:04"]

1. e4 e5 2. Nf3 Nc6 3. Bc4 Nf6 4. d3 h6 5. O-O d6 6. a4 g5 7. Na3 Bg7 8. c3 O-O 9. Re1 Ne7 10. Ba2 Ng6 11. d4 c6 12. dxe5 dxe5 13. Qxd8 Rxd8 14. Nd2 Nf4 15. f3 Nd3 16. Rd1 Bf8 17. Nf1 Be6 18. Bxe6 fxe6 19. Nc4 b5 20. axb5 cxb5 21. Na5 Bc5+ 22. Be3 Bxe3+ 23. Nxe3 Nxb2 24. Rdb1 Na4 25. Rxb5 Nxc3 26. Rxe5 Kf7 27. Rc5 Ne2+ 28. Kf2 Nf4 29. Rc7+ Kg6 30. Rd1 Rxd1 31. Nxd1 Rd8 32. Ke1 Nxg2+ 33. Ke2 Nf4+ 34. Ke1 Nd3+ 35. Ke2 Nh5 36. Nc6 Ndf4+ 37. Ke1 Ng2+ 38. Kf2 Rd2+ 39. Kg1 Nhf4 40. Ne5+ Kf6 41. Nf2 Kxe5 42. Ng4+ Kd6 0-1


[Site "https://www.chess.com"]

[Event "Titled Tuesday Blitz October 18 Late 2022"]
[White "Eljanov, Pavel"]
[Black "Ozen, Bahadir"]
[WhiteFideId "14102951"]
[BlackFideId "6337058"]
[WhiteElo "2601"]
[BlackElo "2503"]
[Result "1-0"]
[Round "08"]
[TimeControl "180+1"]
[Date "2022.10.18"]
[WhiteClock "0:00:46"]
[BlackClock "0:00:40"]

1. c4 g6 2. g3 Bg7 3. Bg2 Nf6 4. Nc3 O-O 5. e4 c5 6. Nge2 Nc6 7. d3 d6 8. O-O Ne8 9. Be3 Nd4 10. Rb1 a5 11. a3 Nc7 12. b4 axb4 13. axb4 b6 14. Qd2 Bd7 15. f4 Bg4 16. f5 Bxe2 17. Nxe2 Nxe2+ 18. Qxe2 Ra3 19. g4 e6 20. g5 exf5 21. exf5 Be5 22. bxc5 bxc5 23. Rb7 Re8 24. Bc6 Rf8 25. Be4 Bd4 26. Bxd4 Qxg5+ 27. Qg2 Qxg2+ 28. Kxg2 cxd4 29. Rxc7 1-0


[Site "https://www.chess.com"]

[Event "Titled Tuesday Blitz October 18 Late 2022"]
[White "Erdogdu, Mert"]
[Black "Licznerski, Lukasz"]
[WhiteFideId "6301495"]
[BlackFideId "1179250"]
[WhiteElo "2413"]
[BlackElo "2403"]
[Result "0-1"]
[Round "08"]
[TimeControl "180+1"]
[Date "2022.10.18"]
[WhiteClock "0:00:10"]
[BlackClock "0:00:15"]

1. e4 c6 2. d4 d5 3. exd5 cxd5 4. c4 Nf6 5. Nc3 g6 6. Qb3 Bg7 7. cxd5 O-O 8. Nge2 Nbd7 9. g3 Nb6 10. Bg2 a5 11. a4 Qd6 12. O-O Rd8 13. Nf4 Qb4 14. Qd1 Bg4 15. f3 Bf5 16. g4 Bc8 17. Be3 Nfxd5 18. Nfxd5 Nxd5 19. Nxd5 Rxd5 20. f4 Rd8 21. d5 e6 22. f5 exf5 23. gxf5 Bxf5 24. Rc1 Rac8 25. Rxc8 Rxc8 26. d6 Rd8 27. Bf4 Qxb2 28. Kh1 Be5 29. Qd5 Bxf4 30. Rxf4 Qb6 31. Rd4 Be6 32. Qe4 Rxd6 33. Rxd6 Qxd6 34. h3 Qd1+ 35. Kh2 Qd6+ 36. Kh1 b6 37. Qb7 h5 38. Qa8+ Kg7 39. Qb7 Qd1+ 40. Kh2 Qd6+ 41. Kg1 h4 42. Kh1 Qd1+ 43. Kh2 Qd4 44. Qc6 Qf4+ 45. Kg1 Qe3+ 46. Kh2 Qg3+ 47. Kh1 Bxh3 0-1


[Site "https://www.chess.com"]

[Event "Titled Tuesday Blitz October 18 Late 2022"]
[White "Ezat, Mohamed"]
[Black "Von Buelow, Georg"]
[WhiteFideId "10600906"]
[BlackFideId "4620658"]
[WhiteElo "2386"]
[BlackElo "2234"]
[Result "1-0"]
[Round "08"]
[TimeControl "180+1"]
[Date "2022.10.19"]
[WhiteClock "0:01:46"]
[BlackClock "0:00:08"]

1. e4 c5 2. d4 cxd4 3. c3 Nf6 4. e5 Nd5 5. Nf3 e6 6. Bc4 d6 7. Bxd5 exd5 8. O-O Be7 9. exd6 Qxd6 10. Qxd4 O-O 11. Bg5 Bxg5 12. Nxg5 Nc6 13. Qh4 Bf5 14. Nd2 Rfe8 15. Rfe1 d4 16. Nde4 Qg6 17. Ng3 dxc3 18. bxc3 h6 19. Nf3 Bg4 20. Nd4 Ne5 21. h3 Bd7 22. Re3 Nc4 23. Rxe8+ Rxe8 24. Ndf5 Bxf5 25. Qxc4 Bd7 26. Qd4 Bc6 27. Qxa7 Qc2 28. Qd4 Ra8 29. Kh2 Rxa2 30. Rxa2 Qxa2 31. Nf5 Qa8 32. Qxg7# 1-0


[Site "https://www.chess.com"]

[Event "Titled Tuesday Blitz October 18 Late 2022"]
[White "Fernandez De La Vara, Arnaldo"]
[Black "Reprintsev, Alexander"]
[WhiteFideId "3518388"]
[BlackFideId "14100541"]
[WhiteElo "2387"]
[BlackElo "2230"]
[Result "0-1"]
[Round "08"]
[TimeControl "180+1"]
[Date "2022.10.19"]
[WhiteClock "0:00:01"]
[BlackClock "0:00:10"]

1. Nf3 d5 2. b3 Bf5 3. Bb2 Nd7 4. g3 Ngf6 5. Bg2 e6 6. O-O h6 7. d3 Be7 8. Nbd2 O-O 9. Qe1 Bh7 10. e4 c5 11. Qe2 a5 12. a4 Re8 13. Ne1 Nb6 14. f4 dxe4 15. Nxe4 Nxe4 16. Bxe4 Bxe4 17. Qxe4 Qd5 18. Qe2 c4 19. dxc4 Bc5+ 20. Rf2 Bxf2+ 21. Qxf2 Qc6 22. Nd3 Nd7 23. g4 b6 24. Re1 Rad8 25. Bd4 f6 26. g5 hxg5 27. fxg5 e5 28. gxf6 Qxf6 29. Be3 Qxf2+ 30. Nxf2 Re6 31. Rd1 Ree8 32. Rd6 Kf7 33. Kg2 Re6 34. Rd2 Ke8 35. Re2 Nf6 36. Nd3 Kf7 37. h3 Rde8 38. Bf2 Nh5 39. Re4 g5 40. Kf3 Nf4 41. Be3 Nxh3 42. Kg4 Nf4 43. Kxg5 Rg8+ 44. Kf5 Nxd3 45. cxd3 Rge8 46. d4 Rf6+ 47. Kg4 exd4 48. Rxe8 Kxe8 49. Bxd4 Rd6 50. Be3 Kd7 51. Kf4 Kc6 52. Ke4 Rd1 53. Bd4 Rb1 54. c5 bxc5 55. Bc3 Rxb3 56. Bxa5 Ra3 57. Bd2 Rxa4+ 58. Kd3 Rd4+ 59. Kc2 Kd5 60. Bc3 Rh4 61. Bb2 Kc4 62. Bf6 Rh2+ 63. Kc1 Kd3 64. Kb1 Rh1+ 0-1


[Site "https://www.chess.com"]

[Event "Titled Tuesday Blitz October 18 Late 2022"]
[White "Firouzja, Alireza"]
[Black "Andreikin, Dmitry"]
[WhiteFideId "12573981"]
[BlackFideId "4158814"]
[WhiteElo "2903"]
[BlackElo "2736"]
[Result "1-0"]
[Round "08"]
[TimeControl "180+1"]
[Date "2022.10.18"]
[WhiteClock "0:00:04"]
[BlackClock "0:00:04"]

1. d4 d5 2. c4 e6 3. Nf3 Nf6 4. Nc3 Nbd7 5. Qc2 Be7 6. cxd5 exd5 7. Bg5 c6 8. e3 h6 9. Bf4 O-O 10. h3 Ne4 11. Bd3 Ndf6 12. O-O Bf5 13. Ne5 Bh7 14. f3 Nxc3 15. Bxh7+ Nxh7 16. bxc3 c5 17. Rab1 b6 18. e4 Rc8 19. Qa4 Nf6 20. Nc6 Qd7 21. Nxe7+ Qxe7 22. e5 Nh5 23. Bh2 cxd4 24. cxd4 Rc4 25. Qb5 Rxd4 26. Rbd1 Qg5 27. Rxd4 Qe3+ 28. Kh1 Qxd4 29. Qd7 Qd3 30. Re1 Qd2 31. Rg1 d4 32. e6 Nf6 33. exf7+ Rxf7 34. Qc8+ Kh7 35. Qf5+ Kh8 36. Qc8+ Kh7 37. Qf5+ Kg8 38. Qc8+ Rf8 39. Qe6+ Kh8 40. Be5 d3 41. Qd6 Kg8 42. Qd4 Qe2 43. Qc4+ Kh8 44. Qd4 d2 45. Bf4 Ne4 46. Bxh6 Ng3+ 47. Kh2 Nf5 48. Qxd2 Qc4 49. Bf4 Nd4 50. Be5 Nc6 51. Ba1 Kh7 52. Rc1 Qe6 53. Qc2+ 1-0


[Site "https://www.chess.com"]

[Event "Titled Tuesday Blitz October 18 Late 2022"]
[White "Floresvillar Gonzalez, Luis Migu"]
[Black "Sibilio, Mario"]
[WhiteFideId "5100542"]
[BlackFideId "800422"]
[WhiteElo "2040"]
[BlackElo "2296"]
[Result "1-0"]
[Round "08"]
[TimeControl "180+1"]
[Date "2022.10.19"]
[WhiteClock "0:01:00"]
[BlackClock "0:00:00"]

1. d4 g6 2. c3 Bg7 3. Bg5 c5 4. e3 Qb6 5. Qb3 Nf6 6. Bc4 O-O 7. Nf3 d5 8. Qxb6 axb6 9. Bxf6 dxc4 10. Bxg7 Kxg7 11. Nbd2 Be6 12. e4 b5 13. a4 cxd4 14. Nxd4 Bd7 15. O-O bxa4 16. Nxc4 Ra6 17. Ne5 Rc8 18. Nxd7 Nxd7 19. Rfd1 Ne5 20. f3 Nc4 21. Ra2 Rd8 22. Ne6+ Rxe6 23. Rxd8 b5 24. Rd5 f5 25. exf5 Re2 26. Rxb5 Ne3 27. g4 Rg2+ 28. Kh1 h5 29. fxg6 hxg4 30. fxg4 Rd2 31. h3 Nc2 32. Rxa4 Ne1 33. Rf4 Nd3 34. Rf3 Rd1+ 35. Kh2 1-0


[Site "https://www.chess.com"]

[Event "Titled Tuesday Blitz October 18 Late 2022"]
[White "Galchenko, Matvey"]
[Black "Mikhailov, Viacheslav"]
[WhiteFideId "24175480"]
[BlackFideId "4187369"]
[WhiteElo "2423"]
[BlackElo "2381"]
[Result "1/2-1/2"]
[Round "08"]
[TimeControl "180+1"]
[Date "2022.10.18"]
[WhiteClock "0:00:02"]
[BlackClock "0:00:04"]

1. f4 Nf6 2. Nf3 g6 3. g3 Bg7 4. Bg2 O-O 5. O-O d6 6. d3 c5 7. Nc3 Nc6 8. e4 Bg4 9. h3 Bxf3 10. Qxf3 Rc8 11. g4 Nd4 12. Qf2 b5 13. a3 a5 14. Be3 b4 15. axb4 axb4 16. Nd1 b3 17. c3 Nc2 18. Rc1 Nxe3 19. Nxe3 e6 20. f5 Nd7 21. h4 Ne5 22. Rcd1 c4 23. f6 Bh8 24. dxc4 Nxc4 25. Nxc4 Rxc4 26. g5 h6 27. Rd3 Qa5 28. Qg3 hxg5 29. hxg5 Rc5 30. Qxd6 Rxg5 31. Rh3 Rd8 32. Qh2 Rh5 33. Rxh5 Qxh5 34. Qxh5 gxh5 35. e5 Rd2 36. Rf2 Rd1+ 37. Bf1 Kh7 38. Kg2 Kh6 39. Bc4 Re1 40. Be2 Kg5 41. Kg3 h4+ 42. Kh3 Rh1+ 43. Kg2 Rb1 44. Bc4 Re1 45. Be2 Rc1 46. Bc4 Re1 47. Be2 Rc1 48. Bc4 Re1 1/2-1/2


[Site "https://www.chess.com"]

[Event "Titled Tuesday Blitz October 18 Late 2022"]
[White "Golubev, Mikhail"]
[Black "Jaferian, Koosha"]
[WhiteFideId "14100983"]
[BlackFideId "12507440"]
[WhiteElo "2374"]
[BlackElo "2127"]
[Result "0-1"]
[Round "08"]
[TimeControl "180+1"]
[Date "2022.10.18"]
[WhiteClock "0:00:20"]
[BlackClock "0:00:54"]

1. e4 c6 2. d4 d5 3. e5 Bf5 4. h4 h5 5. Bd3 Bxd3 6. Qxd3 Qa5+ 7. b4 Qxb4+ 8. Nd2 Qb5 9. c4 dxc4 10. Nxc4 e6 11. Rb1 Qa6 12. Nf3 Nd7 13. Ng5 Nh6 14. Nxe6 fxe6 15. Qg6+ Kd8 16. Qxe6 Be7 17. O-O Nf8 18. Qh3 Qxc4 19. Rxb7 Qe6 20. Qc3 Nd7 21. Bxh6 Rxh6 22. Rfb1 Rg6 23. Qa5+ Ke8 24. Rxa7 Rxa7 25. Qxa7 Qd5 26. g3 Bxh4 27. Qa8+ Kf7 28. Rb7 Bxg3 0-1


[Site "https://www.chess.com"]

[Event "Titled Tuesday Blitz October 18 Late 2022"]
[White "Gubajdullin, Alexei"]
[Black "Ozalp, Burak"]
[WhiteFideId "4141202"]
[BlackFideId "6314210"]
[WhiteElo "2200"]
[BlackElo "2106"]
[Result "1-0"]
[Round "08"]
[TimeControl "180+1"]
[Date "2022.10.19"]
[WhiteClock "0:00:47"]
[BlackClock "0:00:20"]

1. d4 Nf6 2. Nf3 e6 3. Bf4 d5 4. e3 Bd6 5. Bg3 c5 6. Nbd2 Qc7 7. Bb5+ Bd7 8. a4 a6 9. Bxd7+ Nbxd7 10. a5 O-O 11. c3 e5 12. dxe5 Nxe5 13. Nxe5 Bxe5 14. Bxe5 Qxe5 15. O-O Rad8 16. Qb3 Rd7 17. Nf3 Qf5 18. Qb6 Rc8 19. Rad1 h5 20. h3 Rc6 21. Qa7 Ne4 22. Qb8+ Kh7 23. Qe5 Rf6 24. c4 Qxe5 25. Nxe5 Re7 26. Rxd5 Rf5 27. Nf3 Rxd5 28. cxd5 Rd7 29. Rd1 Nf6 30. Ne5 Rxd5 31. Rxd5 Nxd5 32. Nxf7 b6 33. axb6 Nxb6 34. Nd6 Kg6 35. e4 Kf6 36. f4 Ke6 37. e5 h4 38. Kf2 g5 39. fxg5 Kxe5 40. Nb7 c4 41. g3 hxg3+ 42. Kxg3 Na4 43. h4 Nxb2 44. Kg4 c3 45. Na5 Nc4 46. Nxc4+ Kd4 47. Na3 Kc5 48. g6 Kb4 49. Nc2+ Kb3 50. Ne3 c2 51. Nxc2 Kxc2 52. g7 a5 53. g8=Q a4 54. Qa2+ 1-0


[Site "https://www.chess.com"]

[Event "Titled Tuesday Blitz October 18 Late 2022"]
[White "Guzman Moneo, Alberto"]
[Black "Ventura Bolet, Maxim"]
[WhiteFideId "2209616"]
[BlackFideId "22238824"]
[WhiteElo "2157"]
[BlackElo "2186"]
[Result "0-1"]
[Round "08"]
[TimeControl "180+1"]
[Date "2022.10.19"]
[WhiteClock "0:01:26"]
[BlackClock "0:01:25"]

1. e4 c5 2. Nc3 a6 3. f4 b5 4. Nf3 Bb7 5. d4 cxd4 6. Nxd4 b4 7. Na4 Bxe4 8. Qe2 Nf6 9. Nc5 Bd5 10. a3 bxa3 11. c4 e6 12. Ncxe6 Bxe6 13. f5 Bb4+ 14. Bd2 axb2 15. Rb1 Bxd2+ 16. Kxd2 O-O 17. fxe6 dxe6 18. Kc3 e5 19. Qxe5 Re8 20. Qf4 Qa5+ 21. Kxb2 Nbd7 22. Kc1 Qc3+ 23. Nc2 Re1# 0-1


[Site "https://www.chess.com"]

[Event "Titled Tuesday Blitz October 18 Late 2022"]
[White "Harish, Neeraj"]
[Black "Itkis, Boris"]
[WhiteFideId "30958130"]
[BlackFideId "1209167"]
[WhiteElo "1815"]
[BlackElo "2232"]
[Result "0-1"]
[Round "08"]
[TimeControl "180+1"]
[Date "2022.10.19"]
[WhiteClock "0:01:10"]
[BlackClock "0:01:39"]

1. e4 c6 2. d4 d5 3. e5 Bf5 4. h4 h6 5. g4 Bd7 6. Bd3 Qc8 7. f3 h5 8. Be2 Nh6 9. g5 Nf5 10. Nd2 Nxd4 11. c3 Nxe2 12. Nxe2 g6 13. Nf4 Bf5 14. Nf1 e6 15. Ng3 Bg7 16. Qe2 O-O 17. O-O Nd7 18. Nxf5 exf5 19. e6 Ne5 20. exf7+ Kxf7 21. Be3 Re8 22. Bd4 Qc7 23. Rae1 Nc4 24. Qf2 Qxf4 0-1


[Site "https://www.chess.com"]

[Event "Titled Tuesday Blitz October 18 Late 2022"]
[White "Harvey, Marcus R"]
[Black "Graif, William"]
[WhiteFideId "400092"]
[BlackFideId "2609835"]
[WhiteElo "2457"]
[BlackElo "2205"]
[Result "1-0"]
[Round "08"]
[TimeControl "180+1"]
[Date "2022.10.18"]
[WhiteClock "0:02:29"]
[BlackClock "0:00:01"]

1. b3 e5 2. Bb2 Nc6 3. e3 Nf6 4. c4 g6 5. Nf3 d6 6. d4 e4 7. d5 exf3 8. dxc6 bxc6 9. Qxf3 Bg7 10. Qxc6+ Bd7 11. Qf3 O-O 12. Qd1 Bc6 13. Nd2 a5 14. Nf3 a4 15. Be2 a3 16. Bd4 Ne4 17. Bxg7 Kxg7 18. Qd4+ Qf6 19. Qxf6+ Kxf6 20. Nd4 Bd7 21. Bf3 Rfe8 22. Bxe4 Rxe4 23. Kd2 c5 24. Ne2 Bc6 25. Nc3 Re7 26. f3 Kg7 27. Rhe1 f5 28. Rad1 Rd8 29. Re2 Red7 30. Kc2 Kf6 31. Nd5+ Bxd5 32. Rxd5 Ke6 33. e4 fxe4 34. fxe4 Rf7 35. e5 Ke7 36. exd6+ Kf8 37. Rxc5 Rxd6 38. Ra5 Rf1 39. Rxa3 1-0


[Site "https://www.chess.com"]

[Event "Titled Tuesday Blitz October 18 Late 2022"]
[White "Hirneise, Jens"]
[Black "Sanchez, Robert"]
[WhiteFideId "24614734"]
[BlackFideId "2034360"]
[WhiteElo "2344"]
[BlackElo "2385"]
[Result "0-1"]
[Round "08"]
[TimeControl "180+1"]
[Date "2022.10.19"]
[WhiteClock "0:00:02"]
[BlackClock "0:00:20"]

1. d4 Nf6 2. Nf3 e6 3. e3 b6 4. Be2 Bb7 5. O-O Be7 6. c4 O-O 7. Nc3 d5 8. b3 Nbd7 9. Bb2 c5 10. cxd5 Nxd5 11. Nxd5 Bxd5 12. Rc1 Bf6 13. Qd2 cxd4 14. Nxd4 Rc8 15. Rxc8 Qxc8 16. Rc1 Qb7 17. Bf1 a6 18. f3 e5 19. Nf5 Be6 20. Nd6 Qb8 21. Ne4 Be7 22. Bxa6 Rd8 23. Qe2 Nc5 24. Nxc5 Bxc5 25. a3 Qa7 26. b4 Bxe3+ 27. Qxe3 Qxa6 28. Qxe5 Kf8 29. Qxg7+ Ke8 30. Qg8+ Ke7 31. Bf6+ Kxf6 32. Qxd8+ Kg6 33. Qd2 Qxa3 34. Qc2+ Bf5 35. Qc6+ f6 36. Qxb6 Qxc1+ 37. Kf2 h5 38. h4 Qf4 39. Qc5 Qxh4+ 40. Ke3 Qe1+ 41. Kf4 Qh4+ 42. Ke3 Qh2 43. b5 Qg1+ 0-1


[Site "https://www.chess.com"]

[Event "Titled Tuesday Blitz October 18 Late 2022"]
[White "Hoffmann, Asa"]
[Black "Curtis, John"]
[WhiteFideId "2001470"]
[BlackFideId "3200256"]
[WhiteElo "2117"]
[BlackElo "2203"]
[Result "1-0"]
[Round "08"]
[TimeControl "180+1"]
[Date "2022.10.19"]
[WhiteClock "0:00:06"]
[BlackClock "0:00:16"]

1. d4 Nf6 2. Bg5 e6 3. Nd2 d5 4. e3 Nbd7 5. f4 Be7 6. Bd3 c5 7. c3 b6 8. Ngf3 Bb7 9. O-O Ne4 10. Bxe7 Qxe7 11. Bxe4 dxe4 12. Ne5 cxd4 13. cxd4 O-O 14. Rc1 Rfc8 15. Qa4 Nxe5 16. fxe5 h6 17. b3 a6 18. h3 b5 19. Qa5 Qg5 20. Rce1 Rc2 21. Rf2 Rac8 22. Qb6 Rc1 23. Rxc1 Rxc1+ 24. Nf1 Qxe3 25. Qxb7 Rxf1+ 26. Kxf1 Qd3+ 27. Kg1 Qxd4 28. Qc8+ Kh7 29. Qc2 g6 30. Qd2 Qa1+ 31. Kh2 Qxe5+ 32. g3 g5 33. Rxf7+ Kg6 34. Rf1 e3 35. Qe2 h5 36. Re1 h4 37. Qxe3 hxg3+ 38. Kg2 Qb2+ 39. Re2 Qf6 40. Kxg3 e5 41. Qe4+ Kh5 42. Qxe5 Qxe5+ 43. Rxe5 b4 44. h4 Kh6 45. hxg5+ Kg6 46. Kg4 Kf7 47. Ra5 Ke6 48. Rxa6+ Ke5 49. Rb6 Kd4 50. Rxb4+ Kc3 51. g6 Kxb4 52. g7 Ka3 53. g8=Q Kxa2 54. Qc4 Ka3 55. b4 Ka4 56. b5+ Ka5 57. b6 Kxb6 58. Kf5 Ka5 59. Qb3 Ka6 60. Ke5 Ka7 61. Kd6 Ka6 62. Kc6 Ka5 63. Qa3# 1-0


[Site "https://www.chess.com"]

[Event "Titled Tuesday Blitz October 18 Late 2022"]
[White "Holt, Conrad"]
[Black "Amburgy, Ryan"]
[WhiteFideId "2034387"]
[BlackFideId "30924820"]
[WhiteElo "2592"]
[BlackElo "2121"]
[Result "1-0"]
[Round "08"]
[TimeControl "180+1"]
[Date "2022.10.18"]
[WhiteClock "0:02:26"]
[BlackClock "0:02:17"]

1. d4 Nf6 2. c4 g6 3. Nc3 Bg7 4. e4 d6 5. Nf3 O-O 6. h3 e5 7. dxe5 dxe5 8. Qxd8 Rxd8 9. Bg5 Na6 10. Nd5 Rd6 11. Bxf6 Bxf6 12. Rc1 c6 13. Nxf6+ Rxf6 14. c5 Nc7 15. Nxe5 Re6 16. f4 f6 17. Bc4 fxe5 18. f5 gxf5 19. exf5 Nd5 20. fxe6 Bxe6 21. O-O Re8 22. Rce1 Bf7 23. Rf5 e4 24. Kf2 Kg7 25. Bxd5 Bxd5 26. Ke3 a5 27. a4 b6 28. cxb6 Rb8 29. Ref1 Rxb6 30. Rg5+ Kh6 31. h4 Rb3+ 32. Kd4 1-0


[Site "https://www.chess.com"]

[Event "Titled Tuesday Blitz October 18 Late 2022"]
[White "Ibadov, Dashgyn"]
[Black "Kovacevic, Radmila"]
[WhiteFideId "24107514"]
[BlackFideId "933171"]
[WhiteElo "2208"]
[BlackElo "2208"]
[Result "1-0"]
[Round "08"]
[TimeControl "180+1"]
[Date "2022.10.19"]
[WhiteClock "0:00:49"]
[BlackClock "0:00:03"]

1. e4 e5 2. Nf3 d5 3. Nxe5 Bd6 4. d4 dxe4 5. Bc4 Bxe5 6. Qh5 Qe7 7. Qxe5 Qxe5 8. dxe5 Nc6 9. Nc3 Nxe5 10. Bb3 Nf6 11. Bf4 Nc6 12. Bxc7 O-O 13. O-O-O Bg4 14. Rde1 Rfc8 15. Bg3 Bf5 16. Rd1 Na5 17. Be5 Nxb3+ 18. axb3 Ng4 19. Bd4 a6 20. h3 Nf6 21. Bxf6 gxf6 22. Rhe1 Re8 23. Nd5 Kg7 24. Nc7 Rec8 25. Nxa8 Rxa8 26. g4 Bg6 27. Rd7 b5 28. c3 a5 29. Kd2 a4 30. bxa4 Rxa4 31. Rb7 Ra5 32. Ke3 f5 33. Rd1 h5 34. gxh5 Bxh5 35. Rd5 Bg6 36. Rbxb5 Ra2 37. c4 Kf6 38. c5 Ra1 39. c6 Re1+ 40. Kd2 Rf1 41. Ke2 Rc1 42. Rdc5 Bh5+ 43. Kd2 Rd1+ 44. Kc2 Rf1 45. Rxf5+ Ke6 46. Rxh5 Rxf2+ 47. Kc3 f5 48. c7 Kd7 49. Rh7+ Kc8 50. Rb8# 1-0


[Site "https://www.chess.com"]

[Event "Titled Tuesday Blitz October 18 Late 2022"]
[White "Ismayil, Malak"]
[Black "Adewumi, Tanitoluwa"]
[WhiteFideId "13412604"]
[BlackFideId "30966396"]
[WhiteElo "1879"]
[BlackElo "2523"]
[Result "0-1"]
[Round "08"]
[TimeControl "180+1"]
[Date "2022.10.19"]
[WhiteClock "0:00:03"]
[BlackClock "0:00:09"]

1. e4 c5 2. Nf3 e6 3. b3 Nf6 4. d3 Nc6 5. Bb2 d5 6. Nbd2 d4 7. g3 e5 8. Bg2 Bd6 9. O-O O-O 10. h3 h6 11. Kh2 Nh5 12. a4 a6 13. Nxd4 Nxg3 14. fxg3 exd4 15. Nc4 Bc7 16. Qh5 Be6 17. Bc1 b5 18. Nb2 Nb4 19. Qe2 Be5 20. Bf4 f6 21. Rac1 Na2 22. Ra1 Nc3 23. Qd2 Qd6 24. Nd1 Nxd1 25. Qxd1 g5 26. Bxe5 fxe5 27. Qh5 Kg7 28. a5 Rxf1 29. Rxf1 Rf8 30. Rxf8 Qxf8 31. Qf3 Qxf3 32. Bxf3 c4 33. b4 Kf6 34. Kg2 Ke7 35. Kf2 cxd3 36. cxd3 Bxh3 37. g4 Kf6 38. Be2 h5 39. gxh5 g4 40. h6 Kg6 41. Kg3 Kxh6 42. Bxg4 Bf1 43. Bc8 Bxd3 44. Bxa6 Kg5 45. Kf3 Bc4 46. Bb7 d3 47. a6 d2 0-1


[Site "https://www.chess.com"]